 Dungeon Crawl Stone Soup version 0.32-a0-893-gf85d74f360 (webtiles) character file.

Game seed: 1086959153183897496

61 pokedragonboy the Grasshopper (level 3, 0/30 HPs)
             Began as an Armataur Warper on Apr 3, 2024.
             Slain by a gnoll
             ... wielding a +0 spear
              (6 damage)
             ... on level 2 of the Dungeon.
             The game lasted 00:02:36 (988 turns).

pokedragonboy the Grasshopper (Armataur Warper)      Turns: 988, Time: 00:02:37

Health: 0/30       AC:  5    Str: 18    XL:     3   Next: 83%
Magic:  5/5        EV:  7    Int: 13    God:
Gold:   146        SH:  0    Dex:  9    Spells: 0/5 levels left

rFire   . . .        h - +0 war axe
rCold   . . .        (no shield)
rNeg    . . .        g - +0 ring mail
rPois   .            (no helmet)
rElec   .            (no cloak)
rCorr   .            (no gloves)
SInv    .            (no barding)
Will    .....        (no amulet) Stlth
                     (no ring)
HPRegen 0.25/turn    (no ring)
MPRegen 0.75/turn

%: roll
@: no status effects
A: large, deformed body, tough skin 3, armoured tail, rollpage 1
a: no special abilities


You were on level 2 of the Dungeon.
You visited 1 branch of the dungeon, and saw 2 of its levels.

You collected 146 gold pieces.

Inventory:

Hand Weapons
 h - a +0 war axe (weapon)
Missiles
 d - 7 darts of dispersal (quivered)
Armour
 g - a +0 ring mail (worn)
Scrolls
 a - 2 scrolls of identify {unknown}
 e - a scroll of amnesia {unknown}
Potions
 b - a potion of heal wounds {unknown}
 c - a potion of haste {unknown}
 f - a potion of enlightenment {unknown}


   Skills:
 + Level 2.3 Fighting
 * Level 2.3 Axes
 - Level 1.0 Throwing
 + Level 2.0 Armour
 - Level 1.5 Dodging
 - Level 1.8 Spellcasting
 + Level 3.3 Translocations


You couldn't memorise any spells.
You knew the following spells:

 Your Spells              Type           Power      Damage    Failure   Level
j - Teleport Other        Tloc           9%         N/A       34%         3
n - Blink                 Tloc           18%        N/A       17%         2

Your spell library contained the following spells:

 Spells                   Type           Power      Damage    Failure   Level
 Lesser Beckoning         Tloc           18%        N/A       17%         2
 Maxwell's Portable Pile  Tloc           9%         2d(6-16)  34%         3
 Vhi's Electric Charge    Tloc/Air       10%        N/A       92%         4


Dungeon Overview and Level Annotations

Branches:
Dungeon (2/15)

Altars:

Shops:
D:1 *


Innate Abilities, Weirdness & Mutations

Armour fits poorly on your strangely shaped body.
You have extremely tough skin. (AC +3)
You have a long armoured tail.
You regenerate magic when rolling toward enemies. (Rampage MPRegen)


Message History

The kobold shouts!
You hit the kobold.
You kill the kobold!
A gnoll comes into view. It is wielding a +0 club.
A gnoll comes into view. It is wielding a +0 club.
The gnoll shouts! x2; You hear a loud squeak.
You see here a +0 dagger.
You roll towards the gnoll!
A rat and a gnoll come into view.
Found a runed fluorescent amulet.
The rat squeaks loudly.
The gnoll shouts!
The kobold barely misses you.
You hit the kobold but do no damage. The kobold hits you but does no damage.
You slash the kobold!
You kill the kobold!
The gnoll hits you but does no damage.
You hit the gnoll.
The gnoll is moderately wounded.
You closely miss the gnoll. The gnoll hits you with a +0 club.
The gnoll hits you from afar with a +0 spear.
The gnoll hits you with a +0 club.
You hit the gnoll.
The gnoll is severely wounded.
You hit the gnoll. The gnoll hits you but does no damage.
The gnoll closely misses you. The gnoll hits you with a +0 club.
You barely miss the gnoll.
The gnoll is severely wounded.
You barely miss the gnoll. You hit the rat.
You kill the rat!
The gnoll closely misses you. The gnoll barely misses you.
The gnoll hits you from afar with a +0 spear.
The gnoll closely misses you. The gnoll barely misses you. x2
Okay, then.
Okay, then.
The gnoll attacks as it pursues you! The gnoll hits you with a +0 club.
* * * LOW HITPOINT WARNING * * *
The gnoll attacks as it pursues you! The gnoll barely misses you.
The gnoll closely misses you.
The gnoll hits you from afar with a +0 spear.
You die...

.#.##............)##
.#.# .........###..#
.#..
##..#.....###)##
.###. ..###.#.#....#
.# .. ###.#......#
.... . ...........#
.### ##...#..†)##
#.. ..........## ..
#.....@.g.# .
..<#.....g)#
#.>..#...g.....
..####.......... #
#.[........"
#...........
#.#.........
#.#.........


You could see 3 gnolls.

Vanquished Creatures
  2 adders (D:2)
  A dart slug (D:1)
  2 endoplasms
  A giant cockroach (D:1)
  7 goblins
  4 jackals (D:1)
  7 kobolds
  3 quokkas
  A ball python (D:1)
  2 bats (D:1)
  2 frilled lizards
  6 rats
38 creatures vanquished.

Notes
Turn   | Place    | Note
-------+----------+-------------------------------------------
     0 | D:1      | pokedragonboy the Armataur Warper began the quest for the
                  | Orb.
     0 | D:1      | Reached XP level 1. HP: 17/17 MP: 3/3
   118 | D:1      | Reached skill level 1 in Throwing
   128 | D:1      | Reached XP level 2. HP: 13/24 MP: 4/4
   153 | D:1      | Learned a level 2 spell: Blink
   210 | D:1      | Found Edatohei's General Store.
   479 | D:1      | Reached XP level 3. HP: 29/29 MP: 5/5
   912 | D:2      | Learned a level 3 spell: Teleport Other
   988 | D:2      | Slain by a gnoll

Illustrated notes

Levels and vault maps discovered:
D:1:      dpeg_arrival_morbid_curiosity, layout_rooms, serial_shops, shop
D:2:      layout_rooms

Skill      XL: |  1  2  3 |
---------------+----------+-----
Throwing       | 1 |  1.0
Fighting       | 2 |  2.3
Axes           | 2 |  2.3
Armour         | 2 |  2.0
Dodging        | |  1.5
Spellcasting   | |  1.8
Translocations | |  3.3

Action                     || total
---------------------------++-------
  Melee: Hand axe          ||    59
         Tailslap          ||     7
         War axe           ||    56
    Use: Scroll            ||     1
 Armour: Leather armour    ||    47
         Ring mail         ||    65
  Dodge: Dodged            ||    63

Table legend: (Time is in decaauts)
 A = Elapsed time spent in this place.
 B = Non-inter-level travel time spent in this place.
 C = Inter-level travel time spent in this place.
 D = Time resting spent in this place.
 E = Time spent auto-exploring this place.
 F = Levels seen in this place.
 G = Mean time per level.
                   A        B        C        D        E       F      G
               +--------+--------+--------+--------+--------+-----+--------+
         Total |   1023 |    984 |     39 |     97 |    614 |   2 |  511.5 |
       Dungeon |   1023 |    984 |     39 |     97 |    614 |   2 |  511.5 |
               +--------+--------+--------+--------+--------+-----+--------+

Top non-repeatable levels by time:
     D:1: 703 daAuts
     D:2: 319 daAuts
